 Dungeon Crawl Stone Soup version 0.26.0-16-gc1dbca0489 (webtiles) character file.

Game seed: 17058497830759051600

45 kaeus the Sneak (level 3, 0/19 HPs)
             Began as a Vampire Enchanter on Jan 21, 2021.
             Slain by a quokka (3 damage)
             ... on level 2 of the Dungeon.
             The game lasted 00:02:27 (1151 turns).

kaeus the Sneak (Vampire Enchanter)                 Turns: 1151, Time: 00:02:27

Health: 0/19       AC:  5    Str:  3 (7)  XL:     3   Next: 42%
Magic:  6/6        EV:  5    Int: 13 (17) God:
Gold:   54         SH:  7    Dex: 11 (15) Spells: 5/6 levels left

rFire    . . .     SeeInvis +   a - +1 dagger
rCold    + + .     Faith    .   g - +2 kite shield
rNeg     + + +     Spirit   .   d - +0 ring mail
rPois    ∞         Reflect  .   (no helmet)
rElec    .         Harm     .   c - scarf {repulsion}
rCorr    .         Rampage  .   (no gloves)
Will     .....                  (no boots)
Stlth    ++++......             (no amulet)
HPRegen  0.00/turn              (no ring)
MPRegen  0.10/turn              (no ring)

@: bloodless, repel missiles
A: fangs 3, see invisible, unbreathing
a: Bat Form, Revivify


You were on level 2 of the Dungeon.
You visited 1 branch of the dungeon, and saw 2 of its levels.

You collected 54 gold pieces.

Inventory:

Hand Weapons
 a - a +1 dagger (weapon)
Armour
 b - a +0 robe
 c - a scarf of repulsion (worn)
 d - a +0 ring mail (worn)
 g - a +2 kite shield (worn)
Potions
 e - a potion of haste {unknown}
 f - 2 potions of attraction {unknown}
 h - a potion of mutation {unknown}


   Skills:
 + Level 1.8 Short Blades
 + Level 2.8 Dodging
 + Level 5.0 Stealth
 + Level 2.3 Spellcasting
 + Level 4.9 Hexes


You had 5 spell levels left.
You knew the following spells:

 Your Spells              Type           Power        Failure   Level
a - Corona                Hex            15%          88%         1

Your spell library contained the following spells:

 Spells                   Type           Power        Failure   Level
 Confusing Touch          Hex            14%          99%         3
 Tukima's Dance           Hex            14%          99%         3
 Ensorcelled Hibernation  Hex/Ice        14%          100%        2
 Dazzling Flash           Conj/Hex       14%          100%        3


Dungeon Overview and Level Annotations

Branches:
Dungeon (2/15)

Altars:
Ru


Innate Abilities, Weirdness & Mutations

You do not regenerate when monsters are visible.
You are frail without blood (-20% HP).
You can heal yourself when you bite living creatures.
You are immune to poison.
You have razor-sharp teeth.
You have supernaturally acute eyesight. (SInv)
You can survive without breathing.


Message History

The quokka bites you but does no damage.
You see here a giant cockroach corpse.
You hit the quokka but do no damage. The quokka bites you.
You barely miss the quokka. The quokka bites you.
You hit the quokka.
The quokka is lightly wounded.
The quokka bites you.
You hit the quokka but do no damage.
The quokka is lightly wounded.
The quokka bites you but does no damage.
The quokka bites you.
* * * LOW HITPOINT WARNING * * *
You hit the quokka.
The quokka is severely wounded.
The quokka bites you.
* * * LOW HITPOINT WARNING * * *
You closely miss the quokka.
The quokka is severely wounded.
The quokka bites you.
You die...

....... .......#.#.##
.....#...#.
..#############...#.....#
.................#.≈≈≈.#
.................#≈...≈#
.....####........#≈._.≈#
#).. #.......r#≈†..≈# #..
####......@.#.≈≈≈.# ##B#
##.#.###.....#.....# ...#
#.#.## #..[...#...#...#
#.B# ##.#.#
#.......#.#...##
##.###.#.####.....##.#.####
##gS..####........# #.##
#.....# #....##### ##
#.....####....#####
..................#


You could see a quokka.

Vanquished Creatures
  2 adders (D:2)
  An ooze (D:1)
  A leopard gecko (D:1)
  3 bats
  A giant cockroach (D:2)
  2 goblins
  3 hobgoblins
  2 kobolds (D:1)
  2 ball pythons (D:2)
  2 frilled lizards
  3 rats
22 creatures vanquished.

Notes
Turn   | Place    | Note
-------+----------+-------------------------------------------
     0 | D:1      | kaeus the Vampire Enchanter began the quest for the Orb.
     0 | D:1      | Reached XP level 1. HP: 13/13 MP: 3/3
   261 | D:1      | Reached XP level 2. HP: 15/15 MP: 5/5
   593 | D:2      | Reached XP level 3. HP: 19/19 MP: 6/6
   744 | D:2      | Reached skill level 5 in Stealth
   834 | D:2      | Found a sacrificial altar of Ru.
  1151 | D:2      | Slain by a quokka

Illustrated notes

Levels and vault maps discovered:
D:1:      lemuel_arrival_rhombus, layout_basic
D:2:      layout_basic, lemuel_zombie_altar_yredelemnul, led_sif_pool,
          nicolae_ru_awakened_eye, minivault_24

Skill      XL: |  1  2  3 |
---------------+----------+-----
Stealth        | 5 |  5.0
Short Blades   | |  1.8
Dodging        | |  2.8
Spellcasting   | |  2.3
Hexes          | |  4.9

Action                   || total
-------------------------++-------
Melee: Dagger            ||    98
       Bite              ||     3
 Cast: Corona            ||     4
 Abil: Exsanguinate      ||     1
       End Transformatio ||     2
       Bat Form          ||     2
 Stab: Sleeping          ||     8
Armor: Ring mail         ||    49
       Robe              ||     1
Dodge: Dodged            ||    44
Block: Kite shield       ||    28
